 Dungeon Crawl Stone Soup version 0.31-a0-196-g86fe4a5e66 (webtiles) character file.

Game seed: 15182346615570471525

334 qw the Skirmisher (level 6, -10/35 HPs)
             Began as a Deep Elf Hunter on June 24, 2023.
             Mangled by Duvessa
             ... wielding a +0 rapier
              (13 damage)
             ... on level 4 of the Dungeon.
             The game lasted 00:00:51 (2403 turns).

qw the Skirmisher (Deep Elf Hunter)                 Turns: 2403, Time: 00:00:51

Health: -10/35     AC:  8    Str: 10    XL:     6   Next: 27%
Magic:  0/8        EV: 12    Int: 14    God:
Gold:   80         SH:  0    Dex: 24    Spells: 5/5 levels left

rFire   . . .        Y - +0 shortbow
rCold   . . .        (shield currently unavailable)
rNeg    . . .        e - +0 ring mail
rPois   .            f - +2 helmet
rElec   .            c - scarf {repulsion}
rCorr   .            (no gloves)
SInv    .            (no boots)
Will    .....        i - amulet of guardian spirit
Stlth   ++           h - +6 ring of dexterity
HPRegen 0.25/turn    (no ring)
MPRegen 0.11/turn

%: repel missiles, guardian spirit
@: about to teleport
A: no striking features
a: no special abilities


You were on level 4 of the Dungeon.
You visited 1 branch of the dungeon, and saw 4 of its levels.

You collected 119 gold pieces.
You spent 39 gold pieces at shops.


   Skills:
 - Level 2.0 Fighting
 + Level 9.6 Ranged Weapons
 - Level 3.0 Dodging
 - Level 1.2 Stealth


You had 5 spell levels left.
You didn't know any spells.
Your spell library was empty.

Inventory:

Hand Weapons
 Y - a +0 shortbow (weapon)
Armour
 c - a scarf of repulsion (worn)
 e - a +0 ring mail (worn)
 f - a +2 helmet (worn)
 j - a +1 robe of fire resistance
 m - a +1 hat
Jewellery
 h - a +6 ring of dexterity (left hand)
 i - an amulet of guardian spirit (around neck)
 l - an amulet of the acrobat
Scrolls
 a - 2 scrolls of identify
Potions
 b - a potion of haste
 d - a potion of cancellation
 g - a potion of curing

Dungeon Overview and Level Annotations

Branches:
Dungeon (4/15)
 Temple: D:4-7

Altars:
Fedhas

Shops:
D:2 [(((*   D:3 (

Annotations:
D:4 Duvessa


Message History

You are poisoned.
The adder poisons you! The adder bites you.
You shoot an arrow. The arrow hits the adder!
The adder is almost dead.
You feel sick. The adder bites you but does no damage.
You shoot an arrow. The arrow hits the adder.
You kill the adder!
You feel sick. Duvessa hits you with a +0 rapier. Dowan closely misses you.
You shoot an arrow.
The arrow hits Dowan but does no damage.
Dowan is moderately wounded.
You feel sick. Duvessa hits you but does no damage.
Dowan gestures at Duvessa while chanting.
Duvessa seems to speed up.
You shoot an arrow. The arrow barely misses Dowan.
You feel sick. Duvessa hits you with a +0 rapier.
Dowan hits you but does no damage. Duvessa closely misses you.
You shoot an arrow. The arrow hits Dowan!
Dowan is severely wounded.
You feel sick. Duvessa hits you with a +0 rapier.
Dowan hits you but does no damage.
You shoot an arrow. The arrow hits Dowan.
Dowan is almost dead.
You feel sick.
You are no longer poisoned.
Duvessa hits you with a +0 rapier!
Dowan drinks a potion.
Dowan is healed!
Duvessa hits you but does no damage.
You shoot an arrow. The arrow hits Dowan!
You kill Dowan!
Duvessa screams in rage.
Duvessa goes berserk!
Duvessa barely misses you. Duvessa closely misses you.
You shoot an arrow. The arrow hits Duvessa!
Duvessa is lightly wounded.
Duvessa hits you with a +0 rapier!
2403 ||| READING scroll of teleportation.
As you read the scroll of teleportation, it crumbles to dust.
You feel strangely unstable. Duvessa hits you with a +0 rapier!
You die...

#......##'###....#
#......#.........+
#......#.........#
.......#.....#####
..).. #.....#
......#.....#
#.....#.....#
#..........#
###..%@....#
#....#e)...#
#.....#.....#
......#.....#
..... #.....+ ....
#.....# . #.....#
+.....#


You could see Duvessa (berserk, fast).

Vanquished Creatures
  Sigmund (D:2)
  Dowan (D:4)
  Jessica (D:3)
  An iguana (D:3)
  2 adders
  A worm (D:3)
  A dart slug (D:2)
  6 orcs (D:3)
  4 bats (D:1)
  5 endoplasms
  5 giant cockroaches
  3 goblins
  A hobgoblin (D:3)
  7 jackals (D:1)
  4 kobolds
  A quokka (D:2)
  3 ball pythons
  4 frilled lizards
  6 rats
57 creatures vanquished.

Notes
Turn   | Place    | Note
-------+----------+-------------------------------------------
     0 | D:1      | qw the Deep Elf Hunter began the quest for the Orb.
     0 | D:1      | Reached XP level 1. HP: 12/12 MP: 3/3
     0 | D:1      | 0 ||| qw: Version: 0.3-a-9-g12657ce
     0 | D:1      | 0 ||| qw: Game counter: 4779
     0 | D:1      | 0 ||| qw: Always use a shield: true
     0 | D:1      | 0 ||| qw: God list: Okawaru
     0 | D:1      | 0 ||| qw: Allow faded altars: false
     0 | D:1      | 0 ||| qw: Do Orc after D:15 true
     0 | D:1      | 0 ||| qw: Do second Lair branch before Depths: true
     0 | D:1      | 0 ||| qw: Lair rune preference: random
     0 | D:1      | 0 ||| qw: Plans: Normal
     0 | D:1      | 0 ||| PLANNING D:1-11
   172 | D:1      | Reached skill level 6 in Ranged Weapons
   172 | D:1      | Reached XP level 2. HP: 16/16 MP: 4/4
   546 | D:1      | 546 ||| UPGRADING to +0 ring mail.
   556 | D:1      | 556 ||| DROPPING +0 leather armour.
   557 | D:1      | 557 ||| UPGRADING to amulet of guardian spirit.
   562 | D:1      | 562 ||| READING 2 scrolls labelled SOTUEGIKHEFF.
   563 | D:1      | 563 ||| READING scroll labelled LID NIROFAGA.
   568 | D:1      | 568 ||| READING scroll labelled MOMYIS OJUARCH.
   569 | D:1      | 569 ||| DROPPING scroll of butterflies.
   648 | D:2      | 648 ||| Stepping ~*~*~tactically~*~*~ (water).
   650 | D:2      | Reached XP level 3. HP: 20/20 MP: 5/5
   736 | D:2      | Found Giruoq's General Store.
   748 | D:2      | 748 ||| SHOPLISTING +1 helmet of see invisible (214 gold,
                  | have 45).
   748 | D:2      | 748 ||| SHOPLISTING +2 leather armour of cold resistance
                  | (247 gold, have 45).
   748 | D:2      | 748 ||| SHOPLISTING 2 potions of curing (78 gold, have 45).
   748 | D:2      | 748 ||| SHOPLISTING amulet of faith (520 gold, have 45).
   748 | D:2      | 748 ||| BUYING potion of curing (39 gold).
   748 | D:2      | Bought a potion of curing for 39 gold pieces
   748 | D:2      | 748 ||| SHOPLISTING scroll of enchant armour (97 gold, have
                  | 6).
   748 | D:2      | 748 ||| SHOPLISTING scroll of identify (26 gold, have 6).
   799 | D:2      | Found Zupaz's Antique Weapon Emporium.
   813 | D:2      | Found Qaycaf's Antique Weapon Shop.
   822 | D:2      | 822 ||| SHOPLISTING runed orcbow (143 gold, have 18).
   851 | D:2      | Found Jagux's Weapon Boutique.
   861 | D:2      | Reached skill level 7 in Ranged Weapons
   915 | D:2      | Noticed Sigmund
   926 | D:2      | Killed Sigmund
   927 | D:2      | Reached skill level 9 in Ranged Weapons
   927 | D:2      | Reached XP level 4. HP: 11/25 MP: 4/6
   927 | D:2      | Reached XP level 5. HP: 13/29 MP: 4/7
   930 | D:2      | HP: 7/29 [poisoned by Sigmund]
   935 | D:2      | HP: 3/29 [poisoned by Sigmund]
  1128 | D:2      | Found Upniuczoxa's Armour Boutique.
  1152 | D:2      | 1152 ||| SHOPLISTING +0 scale mail of fire resistance (154
                  | gold, have 30).
  1152 | D:2      | 1152 ||| SHOPLISTING +1 scale mail of poison resistance
                  | (182 gold, have 30).
  1152 | D:2      | 1152 ||| SHOPLISTING +2 pair of boots (231 gold, have 30).
  1478 | D:2      | 1478 ||| DROPPING +6 ring of intelligence.
  1479 | D:2      | 1479 ||| UPGRADING to +6 ring of dexterity.
  1480 | D:2      | 1480 ||| READING scroll labelled ICWIDA ZOWOU.
  1481 | D:2      | 1481 ||| READING scroll labelled JIYWI ZEOFOY.
  1482 | D:2      | 1482 ||| READING scroll labelled URPHASS JESSOYM.
  1483 | D:2      | 1483 ||| READING 3 scrolls of identify.
  1483 | D:2      | 1483 ||| IDENTIFYING blue potion
  1484 | D:2      | 1484 ||| DROPPING potion of invisibility.
  1494 | D:3      | Found Tiybar's Antique Weapon Boutique.
  1506 | D:3      | 1506 ||| SHOPLISTING glowing shortbow (126 gold, have 36).
  1506 | D:3      | 1506 ||| SHOPLISTING masterwork hand crossbow (178 gold,
                  | have 36).
  1506 | D:3      | 1506 ||| SHOPLISTING runed orcbow (136 gold, have 36).
  1757 | D:3      | Found a blossoming altar of Fedhas.
  1968 | D:3      | Reached skill level 3 in Dodging
  2292 | D:3      | Noticed Jessica
  2298 | D:3      | Killed Jessica
  2299 | D:3      | Reached XP level 6. HP: 35/35 MP: 8/8
  2306 | D:3      | 2306 ||| UPGRADING to scarf of repulsion.
  2311 | D:3      | 2311 ||| UPGRADING to +2 helmet.
  2316 | D:3      | 2316 ||| READING 4 scrolls of identify.
  2316 | D:3      | 2316 ||| IDENTIFYING viscous black potion
  2317 | D:3      | 2317 ||| READING 3 scrolls of identify.
  2317 | D:3      | 2317 ||| IDENTIFYING sedimented inky potion
  2387 | D:4      | Noticed Dowan
  2389 | D:4      | Noticed Duvessa
  2401 | D:4      | Killed Dowan
  2402 | D:4      | HP: 2/35 [Duvessa/+0 rapier (8)]
  2403 | D:4      | 2403 ||| READING scroll of teleportation.
  2403 | D:4      | Mangled by Duvessa

Levels and vault maps discovered:
D:1:      dpeg_arrival_yet_another_circle, layout_rooms, minmay_pentomino_u2
D:2:      layout_basic, serial_shops, nicolae_shop_tiny_glass,
          nicolae_shop_pleasant_corner_grove, nicolae_shop_bloodbath_and_beyond,
          nicolae_square_shop, shop_statue, minmay_misc_feat_square,
          chequers_serial_rivers_small_3, kennysheep_path_1,
          serial_park_tiny_pond, chequers_serial_rivers_micro_b, uniq_sigmund
D:3:      layout_basic, general_overflow_altar, serial_shops,
          nicolae_shop_temple_entry_statues_fountains, nicolae_titane,
          uniq_jessica
D:4:      layout_gridville, tso_metal_star, uniq_duvessa

Skill      XL: |  1  2  3  4  5 |
---------------+----------------+-----
Ranged Weapons | 6 9 |  9.6
Dodging        | 3 |  3.0
Fighting       | 2 |  2.0
Stealth        | |  1.2

Action                     |  1- 3 |  4- 6 || total
---------------------------+-------+-------++-------
   Fire: Shortbow          |    85 |    68 ||   153
    Use: Scroll            |     3 |     7 ||    10
 Armour: Leather armour    |    12 |       ||    12
         Ring mail         |     6 |     7 ||    13
  Dodge: Dodged            |    24 |     9 ||    33

Table legend:
 A = Non-vault XP
 B = Vault XP
 C = Vault XP percentage of total XP
 D = Non-vault monster count
 E = Vault monster count
 F = Vault count percentage of total count
                 A         B        C        D         E       F
            +---------+---------+-------+---------+---------+-------
      Total |     157 |     321 |  67.2 |      52 |       5 |   8.8
            +---------+---------+-------+---------+---------+-------
        D:1 |      34 |       3 |   8.1 |      21 |       2 |   8.7
        D:2 |      30 |     214 |  87.7 |       9 |       1 |  10.0
        D:3 |      79 |      37 |  31.9 |      21 |       1 |   4.5
        D:4 |      14 |      67 |  82.7 |       1 |       1 |  50.0
            +---------+---------+-------+---------+---------+-------
